 Dungeon Crawl Stone Soup version 0.30-a0-799-g109b55a442 (webtiles) character file.

Game seed: 2358874258796996173

92 lesbiats the Cudgeller (level 4, -4/45 HPs)
             Began as a Troll Fighter on Feb 20, 2023.
             Killed by divine providence
             ... invoked by an orc priest
              (15 damage)
             ... on level 3 of the Dungeon.
             The game lasted 00:04:05 (1751 turns).

lesbiats the Cudgeller (Troll Fighter)              Turns: 1751, Time: 00:04:06

Health: -4/45      AC:  4    Str: 24    XL:     4   Next: 35%
Magic:  3/3        EV:  7    Int: 12    God:
Gold:   125        SH: 11    Dex:  9    Spells: 3/3 levels left

rFire   . . .      SeeInvis .    a - +0 flail
rCold   . . .      Faith    .    e - +0 tower shield
rNeg    . . .      Spirit   .    b - +0 robe
rPois   .          Reflect  .    (helmet restricted)
rElec   .          Harm     .    (no cloak)
rCorr   .          Rampage  .    (gloves unavailable)
Will    .....                    (boots unavailable)
Stlth   +                        (no amulet)
HPRegen 1.07/turn                k - +6 ring of intelligence
MPRegen 0.08/turn                (no ring)

@: no status effects
A: large, unfitting armour, claws 3, regeneration 1, shaggy fur 1, tough skin 1
a: no special abilities


You were on level 3 of the Dungeon.
You visited 1 branch of the dungeon, and saw 3 of its levels.

You collected 125 gold pieces.

Inventory:

Hand Weapons
 a - a +0 flail (weapon)
Armour
 b - a +0 robe (worn)
 e - a +0 tower shield (worn)
Jewellery
 k - a +6 ring of intelligence (left claw)
Scrolls
 c - a scroll of teleportation {unknown}
 f - 3 scrolls of identify {unknown}
Potions
 d - a potion of might
 g - 2 potions of lignification {unknown}
 h - a potion of haste {unknown}
 i - 3 potions of degeneration {unknown}
 j - a potion of attraction {unknown}
 l - a potion of ambrosia {unknown}
 m - 2 potions of brilliance {unknown}


   Skills:
 + Level 3.0 Fighting
 * Level 3.2 Maces & Flails
 + Level 3.0 Dodging
 - Level 2.6 Shields


You had 3 spell levels left.
You didn't know any spells.
Your spell library contained the following spells:

 Spells                   Type           Power      Damage    Failure   Level
 Sublimation of Blood     Necr           0%         N/A       98%         2
 Dazzling Flash           Conj/Hex       0%         N/A       100%        3
 Gell's Gravitas          Tloc           0%         N/A       100%        3
 Teleport Other           Tloc           0%         N/A       100%        3
 Petrify                  Tmut/Erth      0%         N/A       100%        4
 Agony                    Necr           0%         N/A       100%        5
 Irradiate                Conj/Tmut      0%         3d11      100%        5
 Silence                  Hex/Air        0%         N/A       100%        5
 Dispersal                Tloc           0%         N/A       100%        6


Dungeon Overview and Level Annotations

Branches:
Dungeon (3/15)

Altars:


Innate Abilities, Weirdness & Mutations

You are too large for most types of armour.
You have claws for hands.
Your natural rate of healing is unusually fast.
You are covered in fur. (AC +1)
You have tough skin. (AC +1)


Message History

You block the adder's attack.
A gnoll comes into view. It is wielding a +0 spear.
The gnoll hits you but does no damage. The adder attacks as you move away!
The adder barely misses you.
The gnoll shouts!
The orc priest calls down the wrath of Beogh upon you.
Beogh smites you!
You hear an angry hiss.
You hear a shout!
You see here 5 gold pieces.
You hit the adder but do no damage.
The adder is moderately wounded.
You block the adder's attack. The adder bites you.
You closely miss the adder.
The adder is moderately wounded.
The adder barely misses you.
A gnoll comes into view. It is wielding a +0 spear.
You block the adder's attack.
You closely miss the adder.
The adder is moderately wounded.
You block the adder's attack.
The orc priest invokes the aid of Beogh against you.
Beogh smites you! The adder barely misses you.
You hear an angry hiss.
You barely miss the adder.
The adder is moderately wounded.
The adder bites you but does no damage. x2
You closely miss the adder.
The adder is moderately wounded.
You block the adder's attack.
The orc priest looks braver for a moment.
The adder bites you.
The orc priest mumbles some strange prayers to Beogh against you.
Beogh smites you!
* * * LOW HITPOINT WARNING * * *
You hit the adder.
The adder is severely wounded.
You block the adder's attack.
The orc priest invokes the aid of Beogh against you.
Beogh smites you!
You die...

###.##...# #.##.#.# ..
####).#...# .#
..........# .# #
..........# .###.#
...##>....#######.....
...##...#............
.......>.........#
.).####.........@# .$
#.###..###S# .
#........og#
#####..###go ....#
.og# ###.# .#.. ..##.
>## ##### ##


You could see 2 orc priests, 3 gnolls, an adder and an orc.

Vanquished Creatures
  An adder (D:2)
  A gnoll (D:1)
  5 worms (D:2)
  An orc (D:3)
  9 ball pythons
  5 bats
  3 endoplasms (D:2)
  3 giant cockroaches
  3 goblins
  8 jackals (D:1)
  4 quokkas
  5 kobolds
  5 rats
53 creatures vanquished.

Notes
Turn   | Place    | Note
-------+----------+-------------------------------------------
     0 | D:1      | lesbiats the Troll Fighter began the quest for the Orb.
     0 | D:1      | Reached XP level 1. HP: 22/22 MP: 0/0
   165 | D:1      | Reached XP level 2. HP: 19/29 MP: 1/1
   372 | D:1      | Found a faded altar of an unknown god.
   512 | D:1      | Reached XP level 3. HP: 34/36 MP: 2/2
  1054 | D:2      | Reached XP level 4. HP: 42/44 MP: 3/3
  1751 | D:3      | Killed from afar by an orc priest

Illustrated notes

Levels and vault maps discovered:
D:1:      lightli_arrival_noodles, layout_basic,
          nicolae_ecumenical_snake_handling, grunt_decor_cap,
          minmay_misc_feat_alley, minmay_quantized
D:2:      layout_basic
D:3:      layout_loops_ring, grunt_qazlal_sundering, cheibrodos_worm_habitat

Skill      XL: |  1  2  3  4 |
---------------+-------------+-----
Maces & Flails | 2 3 |  3.2
Fighting       | 3 |  3.0
Dodging        | 3 |  3.0
Shields        | |  2.6

Action                     |  1- 3 |  4- 6 || total
---------------------------+-------+-------++-------
  Melee: Flail             |   110 |    46 ||   156
   Stab: Sleeping          |     1 |     1 ||     2
 Armour: Robe              |    61 |    10 ||    71
  Dodge: Dodged            |    45 |     6 ||    51
  Block: Kite shield       |    12 |       ||    12
         Tower shield      |    67 |    29 ||    96

Table legend: (Time is in decaauts)
 A = Elapsed time spent in this place.
 B = Non-inter-level travel time spent in this place.
 C = Inter-level travel time spent in this place.
 D = Time resting spent in this place.
 E = Time spent auto-exploring this place.
 F = Levels seen in this place.
 G = Mean time per level.
                   A        B        C        D        E       F      G
               +--------+--------+--------+--------+--------+-----+--------+
         Total |   1838 |   1807 |     31 |     22 |   1341 |   3 |  612.7 |
       Dungeon |   1838 |   1807 |     31 |     22 |   1341 |   3 |  612.7 |
               +--------+--------+--------+--------+--------+-----+--------+

Top non-repeatable levels by time:
     D:2: 934 daAuts
     D:1: 847 daAuts
     D:3: 55 daAuts
